 Dungeon Crawl Stone Soup version 0.31.0-11-ge490571c62 (webtiles) character file.

Game seed: 2085156243810467320

56 qw the Shooter (level 3, -8/20 HPs)
             Began as a Deep Elf Hunter on Feb 3, 2024.
             Mangled by a gnoll
             ... wielding a +0 halberd
              (12 damage)
             ... on level 2 of the Dungeon.
             The game lasted 00:00:04 (1261 turns).

qw the Shooter (Deep Elf Hunter)                    Turns: 1261, Time: 00:00:05

Health: -8/20      AC:  5    Str: 10    XL:     3   Next: 71%
Magic:  5/5        EV: 11    Int: 13    God:
Gold:   94         SH:  0    Dex: 18    Spells: 2/2 levels left

rFire   . . .        a - +0 shortbow
rCold   . . .        (shield currently unavailable)
rNeg    . . .        e - +0 ring mail
rPois   .            (no helmet)
rElec   .            (no cloak)
rCorr   .            (no gloves)
SInv    .            (no boots)
Will    .....        (no amulet)
Stlth   +            (no ring)
HPRegen 0.23/turn    (no ring)
MPRegen 0.09/turn

%: no passive effects
@: no status effects
A: no striking features
a: no special abilities


You were on level 2 of the Dungeon.
You visited 1 branch of the dungeon, and saw 2 of its levels.

You collected 94 gold pieces.


   Skills:
 - Level 1.5 Fighting
 + Level 7.2 Ranged Weapons
 - Level 2.4 Dodging
 - Level 1.2 Stealth


You had 2 spell levels left.
You didn't know any spells.
Your spell library was empty.

Inventory:

Hand Weapons
 a - a +0 shortbow (weapon)
Armour
 c - a +0 pair of gloves
 e - a +0 ring mail (worn)
Scrolls
 f - a scroll of fog {unknown}
 g - a scroll of poison {unknown}
Potions
 b - a potion of curing {unknown}
 d - a potion of resistance

Dungeon Overview and Level Annotations

Branches:
Dungeon (2/15)

Altars:


Message History

The gnoll barely misses you.
Enter note:
Enter note:
Enter note:
1252 ||| RETREEEEATING.
Enter note:
Enter note:
Enter note:
1253 ||| RETREEEEATING.
The gnoll attacks as it pursues you! The gnoll barely misses you.
There is an open door here.
You shoot an arrow.
The arrow hits the gnoll but does no damage.
The gnoll barely misses you.
You shoot an arrow. The arrow hits the gnoll!
The gnoll is heavily wounded.
The gnoll hits you but does no damage. The gnoll hits you with a +0 whip.
You shoot an arrow. The arrow closely misses the gnoll.
You hear a shout!
The gnoll barely misses you.
You shoot an arrow. The arrow barely misses the gnoll.
The gnoll hits you with a +0 whip.
You shoot an arrow. The arrow hits the gnoll.
The gnoll is severely wounded.
The gnoll barely misses you.
You shoot an arrow. The arrow hits the gnoll!
You kill the gnoll!
A gnoll comes into view. It is wielding a +0 halberd.
The adder barely misses you.
You shoot an arrow. The arrow misses the adder.
The gnoll shouts!
The adder closely misses you.
The gnoll hits you from afar with a +0 halberd!
Ouch! That really hurt!
You shoot an arrow. The arrow hits the adder.
The adder is moderately wounded.
The adder misses you.
The gnoll hits you from afar with a +0 halberd!
Ouch! That really hurt!
You die...

##.# ...# ####
######### #
######.......# ##
#....#'#####.# .#
#.##...#.Sg#.# .#
#..#.###.#.#@#
.#####..%##g.#gS.#
....###'##S#######
###.'.#.#.#
###.#.#. #[.%#
#####


You could see a gnoll and an adder.

Vanquished Creatures
  A gnoll (D:2)
  An adder (D:2)
  A ribbon worm (D:2)
  2 dart slugs
  6 endoplasms
  2 giant cockroaches (D:2)
  A hobgoblin (D:1)
  3 kobolds
  2 ball pythons
  3 bats (D:2)
  2 frilled lizards (D:1)
  4 goblins (D:1)
  A rat (D:2)
29 creatures vanquished.

Notes
Turn   | Place    | Note
-------+----------+-------------------------------------------
     0 | D:1      | qw the Deep Elf Hunter began the quest for the Orb.
     0 | D:1      | Reached XP level 1. HP: 12/12 MP: 3/3
     0 | D:1      | 0 ||| qw: Version: 0.3-a-157-g843a77d
     0 | D:1      | 0 ||| qw: Game counter: 3873
     0 | D:1      | 0 ||| qw: Melee chars always use a shield: true
     0 | D:1      | 0 ||| qw: God list: Okawaru
     0 | D:1      | 0 ||| qw: Allow faded altars: false
     0 | D:1      | 0 ||| qw: Do Orc after clearing Dungeon:15 true
     0 | D:1      | 0 ||| qw: Do second Lair branch before Depths: true
     0 | D:1      | 0 ||| qw: Lair rune preference: random
     0 | D:1      | 0 ||| qw: Goals: Normal
     0 | D:1      | 0 ||| PLANNING D:1-11
   199 | D:1      | Reached XP level 2. HP: 16/16 MP: 4/4
   209 | D:1      | Reached skill level 6 in Ranged Weapons
   599 | D:1      | 599 ||| UPGRADING to +0 ring mail.
   609 | D:1      | 609 ||| DROPPING +0 leather armour.
   610 | D:1      | 610 ||| READING 3 scrolls labelled FOEGET WESIT.
   610 | D:1      | 610 ||| IDENTIFYING blue potion
   611 | D:1      | 611 ||| READING 2 scrolls of identify.
   611 | D:1      | 611 ||| IDENTIFYING grey potion
   612 | D:1      | 612 ||| READING scroll of identify.
   612 | D:1      | 612 ||| IDENTIFYING scroll labelled QUZOCEDW UNOW
   613 | D:1      | 613 ||| DROPPING scroll of butterflies.
   614 | D:1      | 614 ||| DROPPING potion of ambrosia.
   615 | D:1      | 615 ||| DROPPING scroll of fear.
   724 | D:2      | 724 ||| FLEEEEING.
   913 | D:2      | Reached XP level 3. HP: 13/20 MP: 5/5
  1094 | D:2      | 1094 ||| FLEEEEING.
  1242 | D:2      | Reached skill level 7 in Ranged Weapons
  1248 | D:2      | 1248 ||| RETREEEEATING.
  1249 | D:2      | 1249 ||| RETREEEEATING.
  1252 | D:2      | 1252 ||| RETREEEEATING.
  1253 | D:2      | 1253 ||| RETREEEEATING.
  1260 | D:2      | HP: 4/20 [gnoll/+0 halberd (13)]
  1261 | D:2      | Mangled by a gnoll

Levels and vault maps discovered:
D:1:      saegor_arrival_simple_c, layout_loops_cross
D:2:      minmay_chambers_of_ones, layout_loops_ring, minmay_crystal_water,
          chequers_arboretum

Skill      XL: |  1  2  3 |
---------------+----------+-----
Ranged Weapons | 6 7 |  7.2
Fighting       | |  1.5
Dodging        | |  2.4
Stealth        | |  1.2

Action                     || total
---------------------------++-------
   Fire: Shortbow          ||    97
    Use: Scroll            ||     3
 Armour: Leather armour    ||     7
         Ring mail         ||    17
  Dodge: Dodged            ||    28

Table legend:
 A = Non-vault XP
 B = Vault XP
 C = Vault XP percentage of total XP
 D = Non-vault monster count
 E = Vault monster count
 F = Vault count percentage of total count
                 A         B        C        D         E       F
            +---------+---------+-------+---------+---------+-------
      Total |      71 |      10 |  12.3 |      25 |       4 |  13.8
            +---------+---------+-------+---------+---------+-------
        D:1 |      24 |       0 |   0.0 |      13 |       0 |   0.0
        D:2 |      47 |      10 |  17.5 |      12 |       4 |  25.0
            +---------+---------+-------+---------+---------+-------
